 Dungeon Crawl Stone Soup version 0.20.1-1-g8b1a95d (webtiles) character file.

951 Miyamura the Skirmisher (level 7, 0/55 HPs)
             Began as a Demonspawn Chaos Knight on Dec 27, 2017.
             Succumbed to a worker ant's poison
             ... on level 5 of the Dungeon.
             The game lasted 00:09:52 (4869 turns).

Miyamura the Skirmisher (Demonspawn Chaos Knight)   Turns: 4869, Time: 00:09:52

Health: 0/55       AC:  6    Str: 13    XL:     7   Next: 90%
Magic:  6/6        EV: 12    Int: 14    God:    Xom [....*.]
Gold:   204        SH:  0    Dex: 13    Spells: 6/6 levels left

rFire    + . .     SeeInvis .   a - +2 falchion (chaos)
rCold    . . .     Gourm    .   (no shield)
rNeg     . . .     Faith    .   f - +0 ring mail {MR+}
rPois    .         Spirit   .   (helmet restricted)
rElec    +         Reflect  .   (no cloak)
rCorr    .         Harm     .   (no gloves)
MR       +....     Rnd*Tele +   (no boots)
Stlth    ++........             (no amulet)
Regen    0.2/turn               s - ring of protection from fire
MPRegen  0.1/turn               (no ring)

@: lethally poisoned (0 -> -7)
A: antennae 2, yellow scales 2, deformed body, low mp 1, screaming 1,
electricity resistance, teleportitis 1, evolution 1
a: Renounce Religion


You were on level 5 of the Dungeon.
You worshipped Xom.
You were a beloved toy of Xom.
You were not hungry.

You visited 1 branch of the dungeon, and saw 5 of its levels.

You collected 204 gold pieces.

Inventory:

Hand Weapons
 a - a +2 falchion of chaos (weapon)
Armour
 f - a +0 ring mail of magic resistance (worn)
Jewellery
 p - an uncursed ring of protection from fire
 s - a ring of protection from fire (left hand)
Scrolls
 e - a scroll of identify
 m - 4 scrolls of blinking
 u - a scroll of fog
Comestibles
 c - 3 bread rations
 i - 3 meat rations
 j - 2 royal jellies


   Skills:
 + Level 4.7 Fighting
 + Level 4.5 Long Blades
 + Level 4.1 Armour
 + Level 3.4 Dodging
 + Level 4.0 Stealth


You had 6 spell levels left.
You didn't know any spells.

Dungeon Overview and Level Annotations

Branches:
Dungeon (5/15)
 Temple: D:4-7

Altars:
Kikubaaqudgha
Makhleb
Zin
The Shining One


Innate Abilities, Weirdness & Mutations

You have a pair of antennae on your head.
You are mostly covered in yellow scales. (AC +3)
Armour fits poorly on your strangely shaped body.
Your magical capacity is low. (-10% MP)
You occasionally shout uncontrollably at your foes.
You are resistant to electric shocks. (rElec)
You are occasionally teleported next to monsters.
You evolve.


Message History

* * * LOW HITPOINT WARNING * * *
You feel sick.
Found a bone wand.
You aren't carrying any potions.
As you read the scroll labeled TOMEON ONUEVVE, it crumbles to dust.
The air around you briefly surges with heat, but it dissipates.
It was a scroll of immolation.
* * * LOW HITPOINT WARNING * * *
You feel sick.
You aren't carrying any potions.
Okay, then.
You don't have any unidentified items.
Unknown command.
Okay, then.
* * * LOW HITPOINT WARNING * * *
You feel sick.
* * * LOW HITPOINT WARNING * * *
You feel sick.
You die...
Xom guffaws!

###
..#
#.#
#.#
#.#
#/#
#.#
#@#
#.#
#.#
#.#
#.#
#.#
#.#
..#


There were no monsters in sight!

Vanquished Creatures
  The ghost of nightchill the Cudgeler, a novice GrWr of Cheibriados (D:5)
  Edmund (D:5)
  A phantom (D:4)
  The ghost of Anon1729 the Digger, an amateur OpEE (D:3)
  2 hounds (D:4)
  A centaur zombie (D:5)
  A bullfrog skeleton (D:5)
  An orc wizard (D:3)
  3 worker ants (D:4)
  8 adders
  An ooze (D:4)
  4 worms
  4 dart slugs
  5 leopard geckos
  11 orcs
  3 bats
  3 giant cockroaches
  7 goblins
  10 hobgoblins
  10 jackals
  2 quokkas (D:3)
  A ball python (D:3)
  5 frilled lizards
  5 kobolds
  A leopard gecko skeleton (D:4)
  12 rats
104 creatures vanquished.

Vanquished Creatures (collateral kills)
  An iguana (D:4)
1 creature vanquished.

Vanquished Creatures (others)
  A dart slug (D:4)
1 creature vanquished.

Grand Total: 106 creatures vanquished

Notes
Turn   | Place    | Note
-------+----------+-------------------------------------------
     0 | D:1      | Miyamura the Demonspawn Chaos Knight began the quest for the Orb.
     0 | D:1      | Reached XP level 1. HP: 18/18 MP: 1/1
    18 | D:1      | Reached skill level 1 in Dodging
   116 | D:1      | XOM: potion effect (haste)
   120 | D:1      | Gained mutation: You are partially covered in yellow scales. (AC +2) [demonic ancestry]
   120 | D:1      | Reached XP level 2. HP: 11/24 MP: 2/2
   370 | D:1      | Reached skill level 1 in Stealth
   620 | D:2      | XOM: medium Ice miscast
   635 | D:2      | XOM: 1-stop teleportation journey
   830 | D:2      | Gained mutation: You have a pair of small antennae on your head. [demonic ancestry]
   830 | D:2      | Reached XP level 3. HP: 29/29 MP: 3/3
   872 | D:2      | XOM: mild Tloc miscast
  1065 | D:2      | XOM: enchant monster (good)
  1477 | D:2      | XOM: medium Hex miscast
  1522 | D:2      | XOM: god gift: pink potion {god gift}
  1615 | D:2      | Reached XP level 4. HP: 29/35 MP: 4/4
  2154 | D:2      | XOM: mild Conj miscast
  2594 | D:2      | Reached XP level 5. HP: 40/41 MP: 5/5
  2675 | D:2      | XOM: mild Fire miscast
  2877 | D:3      | XOM: harmless Tmut miscast
  2930 | D:3      | Found an ancient bone altar of Kikubaaqudgha.
  2993 | D:3      | XOM: mild Air miscast
  2994 | D:3      | Noticed Anon1729's ghost (amateur OpEE)
  3007 | D:3      | XOM: cast spell 'Olgreb's Toxic Radiance'
  3010 | D:3      | Gained mutation: You are frail. (-10% HP) [potion of mutation]
  3010 | D:3      | Gained mutation: Your mind is acute. (Int +2) [potion of mutation]
  3014 | D:3      | Killed Anon1729's ghost
  3032 | D:3      | Reached XP level 6. HP: 37/43 MP: 6/6
  3080 | D:3      | Lost mutation: Your mind is acute. (Int +2) [potion of mutation]
  3080 | D:3      | Lost mutation: You are frail. (-10% HP) [potion of mutation]
  3080 | D:3      | Gained mutation: Your magical capacity is low. (-10% MP) [potion of mutation]
  3080 | D:3      | Gained mutation: You evolve. [potion of mutation]
  3080 | D:3      | Gained mutation: You have a pair of antennae on your head. [potion of mutation]
  3291 | D:3      | Found a glowing golden altar of the Shining One.
  3781 | D:4      | Gained mutation: You are resistant to electric shocks. (rElec) [evolution]
  3804 | D:4      | XOM: harmless Tmut miscast
  3957 | D:4      | XOM: give mutations
  3957 | D:4      | Gained mutation: You occasionally shout uncontrollably at your foes. [Xom's mischief]
  3957 | D:4      | Gained mutation: Armour fits poorly on your strangely shaped body. [Xom's mischief]
  3957 | D:4      | Gained mutation: You are occasionally teleported next to monsters. [Xom's mischief]
  4045 | D:4      | XOM: harmless Necr miscast
  4129 | D:4      | XOM: summons friendly ufetubus
  4267 | D:4      | XOM: mild Chrm miscast
  4296 | D:4      | Found a burning altar of Makhleb.
  4301 | D:4      | Gained mutation: You are mostly covered in yellow scales. (AC +3) [demonic ancestry]
  4301 | D:4      | Reached XP level 7. HP: 52/54 MP: 6/6
  4328 | D:4      | Found a glowing silver altar of Zin.
  4533 | D:5      | Entered Level 5 of the Dungeon
  4556 | D:5      | Noticed Edmund
  4560 | D:5      | XOM: summons 6 friendly demons
  4567 | D:5      | Killed Edmund
  4679 | D:5      | Noticed nightchill's ghost (novice GrWr)
  4703 | D:5      | XOM: enchant monster (good)
  4729 | D:5      | Killed nightchill's ghost
  4866 | D:5      | HP: 2/55 [poisoned by a worker ant]
  4869 | D:5      | Succumbed to a worker ant's poison

Skill      XL: |  1  2  3  4  5  6  7 |
---------------+----------------------+-----
Dodging        | 1 2 3 |  3.4
Stealth        | 1 2 3 4 |  4.0
Long Blades    | 3 4 |  4.5
Armour         | 2 3 4 |  4.1
Fighting       | 4 |  4.7

Action                   |  1- 3 |  4- 6 |  7- 9 || total
-------------------------+-------+-------+-------++-------
Melee: Falchion          |   102 |   214 |    63 ||   379
  Use: Scroll            |     2 |     8 |     3 ||    13
       Potion            |     1 |     5 |     6 ||    12
 Stab: Sleeping          |     3 |     2 |       ||     5
       Paralysed         |     3 |     1 |     3 ||     7
       Distracted        |       |     1 |       ||     1
  Eat: Chunk             |     2 |     8 |     1 ||    11
       Bread ration      |       |       |     1 ||     1
Armor: Leather armour    |    25 |       |       ||    25
       Ring mail         |    10 |   106 |     7 ||   123
       Skin              |       |       |    14 ||    14
Dodge: Dodged            |    52 |   102 |    26 ||   180
       Rpst.: Falchion   |    18 |    40 |     8 ||    66
